 Dungeon Crawl Stone Soup version 0.25.1-2-g60ff931df9 (webtiles) character file.

Game seed: 9092078189901790414

81602 Zeus777sb the Fencer (level 15, -10/144 HPs)
             Began as a Deep Dwarf Fighter on Sept 14, 2020.
             Was the Champion of Makhleb.
             Killed from afar by an ice dragon (29 damage)
             ... with a blast of cold
             ... on level 1 of the Depths.
             The game lasted 01:33:54 (15088 turns).

Zeus777sb the Fencer (Deep Dwarf Fighter)          Turns: 15088, Time: 01:33:55

Health: -10/144    AC: 15    Str: 26    XL:     15   Next: 27%
Magic:  3/3        EV: 14    Int:  9    God:    Makhleb [******]
Gold:   1085       SH: 15    Dex: 24    Spells: 14/14 levels left

rFire    . . .     SeeInvis .   o - +4 scimitar (flame)
rCold    . . .     Gourm    .   c - +0 kite shield
rNeg     + + .     Faith    .   g - +2 plate armour {rN+}
rPois    .         Spirit   .   (no helmet)
rElec    .         Reflect  .   C - scarf {repulsion}
rCorr    .         Harm     .   w - +0 pair of gloves
MR       ++...                  n - +0 pair of boots
Stlth    ..........             D - amulet of the acrobat
HPRegen  0.00/turn              i - +6 ring of dexterity
MPRegen  0.08/turn              y - +6 ring of dexterity

@: non-regenerating, studying Staves, repel missiles
A: damage resistance, heal wounds, deformed body, low mp 1, negative energy
resistance 1, sense surroundings 2, no regeneration
a: Heal Wounds, Minor Destruction, Lesser Servant of Makhleb, Major Destruction,
Greater Servant of Makhleb, Renounce Religion


You were on level 1 of the Depths.
You worshipped Makhleb.
Makhleb was exalted by your worship.
You were not hungry.

You visited 3 branches of the dungeon, and saw 17 of its levels.

You collected 1085 gold pieces.

Inventory:

Hand Weapons
 o - a +4 scimitar of flaming (weapon)
 u - a +1 demon blade of electrocution
 v - a +1 flail of draining
 V - a +3 longbow of flaming
Missiles
 a - 4 large rocks
 W - 472 arrows
Armour
 c - a +0 kite shield (worn)
 g - a +2 plate armour of positive energy (worn)
 n - a +0 pair of boots (worn)
 t - a +2 scale mail of magic resistance
 w - a +0 pair of gloves (worn)
 C - a scarf of repulsion (worn)
 N - a +0 plate armour
Magical Staves
 Z - an uncursed staff of air {unknown}
Jewellery
 d - an uncursed ring of resist corrosion
 i - a +6 ring of dexterity (left hand)
 y - a +6 ring of dexterity (right hand)
 B - an uncursed ring of positive energy {unknown}
 D - an amulet of the acrobat (around neck)
Wands
 e - a wand of enslavement (11)
 F - a wand of iceblast (22)
 G - a wand of acid (4)
 X - a wand of flame (26)
Scrolls
 b - a scroll of holy word {unknown}
 k - 12 scrolls of identify
 m - 6 scrolls of teleportation
 p - a scroll of fear
 s - 5 scrolls of amnesia
 x - 2 scrolls of blinking
 E - 3 scrolls of remove curse
 H - 2 scrolls of enchant armour
 Q - a scroll of magic mapping {unknown}
Potions
 j - 5 potions of curing
 l - a potion of mutation {unknown}
 q - a potion of berserk rage
 r - 3 potions of ambrosia
 z - 3 potions of haste
 A - a potion of lignification
 J - a potion of heal wounds
 L - a potion of resistance
 R - 3 potions of stabbing
 S - 3 potions of brilliance
 T - a potion of flight
Books
 h - a manual of Staves
Comestibles
 f - 33 rations


   Skills:
 + Level 12.1 Fighting
 + Level 15.0 Long Blades
 + Level 12.1 Armour
 + Level 7.9 Dodging
 + Level 3.2 Stealth
 + Level 15.0 Shields
 + Level 2.4 Invocations


You had 14 spell levels left.
You didn't know any spells.
Your spell library was empty.

Dungeon Overview and Level Annotations

Branches:
Dungeon (15/15)            Temple (1/1) D:5            Lair (0/6) D:11
    Orc (0/2) D:9          Vaults (0/5) D:14         Depths (1/5) D:15

Altars:
Ashenzari
Dithmenos
Elyvilon
Gozag
Hepliaklqana
Makhleb
Nemelex Xobeh
Okawaru
Qazlal
Ru
Sif Muna
Trog
Uskayaw
Vehumet
Wu Jian
The Shining One
Beogh

Shops:
D:10 [   D:11 *

Annotations:
D:12 exclusion: ice statue


Innate Abilities, Weirdness & Mutations

You are resistant to damage.
You can heal yourself by infusing magical energy.
You resist negative energy. (rN+)
You passively map the area around you.
You do not regenerate.
Armour fits poorly on your strangely shaped body.
Your magical capacity is low. (-10% MP)


Message History

* * * LOW HITPOINT WARNING * * *
You hold your ground!
The ice dragon breathes frost at you. The blast of cold hits you!!
* * * LOW HITPOINT WARNING * * *
You feel much better. The golden dragon bites you!!
* * * LOW HITPOINT WARNING * * *
The golden dragon claws you but does no damage.
The golden dragon tramples you but does no damage.
The glowing orange brain pulsates.
You resist with some effort. You block the ice dragon's attack.
The ice dragon claws you but does no damage.
You block the ice dragon's attack.
You hit the golden dragon. You burn the golden dragon.
The golden dragon is almost dead.
The golden dragon breathes fire at you. The bolt of fire misses you.
The ice dragon breathes frost at you. The blast of cold hits you!!
You die...

* , , , ,...# ,
** * * ##### #..#
* , * $.$.$ #..#
, ,!$.$.O#.. ** ,
,, *
,??($$O#)######
*, ,
$:)GO$.c.....#, +
* * ,
.))[$.#O######* *
,$(G[.$#D# #####
,*
,$.$Ccc#@##....!
,
,.$.C.D#.D......
,,
########..#.....
* ...(.....##
####,
**#.......#######
* ,, *
#.............#
#..##########.# ,
#., , #.# * * # *
* #.# ,**+ *


You could see a golden dragon (catching breath), an ice dragon (catching
breath), a yaktaur captain and an ogre.

Vanquished Creatures
  Frances (D:13)
  Agnes (D:15)
  A fire giant (D:15)
  Nessos (D:14)
  A spark wasp (Depths:1)
  Josephine (D:15)
  3 yaktaur captains (Depths:1)
  A great orb of eyes (Depths:1)
  2 hydras (D:13)
  Harold (D:8)
  2 ogre magi
  5 centaur warriors
  A deep troll shaman (Depths:1)
  24 two-headed ogres
  A deep troll earth mage (Depths:1)
  A tengu warrior (Depths:1)
  Urug (D:14)
  A deep troll (D:14)
  3 iron trolls (Depths:1)
  4 skeletal warriors (D:15)
  2 unseen horrors
  A deep elf mage (D:12)
  Pikel (D:4)
  3 orc knights
  A wolf spider zombie (D:12)
  5 ugly things
  5 cyclopes
  Maurice (D:8)
  5 orange demons (D:11)
  4 gargoyles
  3 centaur skeletons
  A freezing wraith (D:14)
  2 efreet
  3 kobold demonologists (D:15)
  A queen bee (D:13)
  3 red devils (D:11)
  A komodo dragon (D:15)
  9 trolls
  2 meliai (D:13)
  2 polar bears (D:12)
  A hornet (D:10)
  A hippogriff (D:11)
  A spriggan (D:7)
  2 wyverns (D:14)
  14 yaks
  2 vampires
  5 wraiths
  2 shadows
  The ghost of lllmatko the Chopper, an amateur HOMo (D:3)
  2 basilisks
  16 humans (D:14)
  3 vampire mosquitoes (D:13)
  2 hungry ghosts
  4 wargs
  Menkaure (D:6)
  2 acid dragons
  10 ice beasts
  23 orc warriors
  5 sky beasts
  4 eyes of draining
  16 ogres
  A necrophage (D:8)
  2 phantoms
  5 boggarts (D:15)
  20 centaurs
  A crocodile (D:15)
  3 big kobolds
  18 bullfrogs
  Blork the orc (D:4)
  A gnoll sergeant (D:8)
  A wyvern zombie (D:7)
  A wyvern skeleton (D:9)
  12 scorpions
  55 killer bees
  5 wights
  2 howler monkeys (D:7)
  5 crimson imps
  3 bullfrog zombies
  2 quasits
  3 hounds
  12 centaur zombies
  6 jellies
  3 bullfrog skeletons
  18 orc priests
  19 orc wizards
  2 iguanas
  10 worker ants
  2 howler monkey zombies
  A worker ant zombie (D:5)
  A howler monkey skeleton (D:9)
  9 gnolls
  13 adders
  A river rat (D:5)
  4 shadow imps
  2 oozes (D:1)
  An adder skeleton (D:6)
  2 worms
  2 dart slugs
  5 leopard geckos
  114 orcs
  10 giant cockroaches
  11 goblins
  12 hobgoblins
  14 jackals
  23 kobolds
  4 quokkas
  A ball python (D:1)
  8 bats
  4 frilled lizards
  A jackal skeleton (D:5)
  A leopard gecko zombie (D:5)
  A quokka skeleton (D:7)
  A quokka zombie (D:7)
  4 rats
  A fungus (D:4)
  A plant (D:7)
693 creatures vanquished.

Vanquished Creatures (collateral kills)
  A meliai (D:13)
  A jelly (D:13)
2 creatures vanquished.

Vanquished Creatures (others)
  An ogre mage (Depths:1)
  A sky beast (D:14)
  A slave (D:4)
  A worm (D:4)
  5 fungi (D:4)
9 creatures vanquished.

Grand Total: 704 creatures vanquished

Notes
Turn   | Place    | Note
-------+----------+-------------------------------------------
     0 | D:1      | Zeus777sb the Deep Dwarf Fighter began the quest for the
                  | Orb.
     0 | D:1      | Reached XP level 1. HP: 20/20 MP: 1/1
    43 | D:1      | Reached XP level 2. HP: 25/27 MP: 2/2
   142 | D:1      | Reached XP level 3. HP: 25/33 MP: 3/3
   792 | D:2      | Reached XP level 4. HP: 22/40 MP: 4/4
  1465 | D:3      | Reached XP level 5. HP: 20/49 MP: 5/5
  1564 | D:3      | Noticed lllmatko's ghost (amateur HOMo)
  1572 | D:3      | Found a runed translucent gate.
  1572 | D:3      | Found a runed translucent gate.
  1572 | D:3      | Found a runed translucent gate.
  1624 | D:3      | Killed lllmatko's ghost
  1624 | D:3      | Reached skill level 1 in Dodging
  1624 | D:3      | Reached XP level 6. HP: 34/56 MP: 6/6
  1684 | D:3      | Found an iron altar of Okawaru.
  2225 | D:3      | Found an opulent altar of Gozag.
  2229 | D:3      | Found a shimmering blue altar of Sif Muna.
  2231 | D:3      | Found a white marble altar of Elyvilon.
  2283 | D:4      | Noticed a slave
  2283 | D:4      | Noticed a slave
  2283 | D:4      | Noticed a slave
  2284 | D:4      | Noticed Pikel
  2286 | D:4      | Noticed a slave
  2313 | D:4      | Killed Pikel
  2313 | D:4      | Reached skill level 5 in Long Blades
  2313 | D:4      | Reached skill level 5 in Armour
  2313 | D:4      | Reached skill level 5 in Shields
  2313 | D:4      | Reached XP level 7. HP: 28/63 MP: 7/7
  2437 | D:4      | Reached XP level 8. HP: 71/80 MP: 8/8
  2505 | D:4      | Found a hazy altar of Hepliaklqana.
  2759 | D:4      | Noticed Blork the orc
  2768 | D:4      | Killed Blork the orc
  2768 | D:4      | Gained mutation: You passively map the area around you.
                  | [Deep Dwarf growth]
  2768 | D:4      | Reached XP level 9. HP: 66/86 MP: 9/9
  3249 | D:5      | Entered Level 5 of the Dungeon
  3250 | D:5      | Found a radiant altar of Vehumet.
  3511 | D:5      | Found a staircase to the Ecumenical Temple.
  3537 | Temple   | Entered the Ecumenical Temple
  3566 | Temple   | Became a worshipper of Makhleb the Destroyer
  3816 | D:5      | Found a glowing golden altar of the Shining One.
  4396 | D:6      | Noticed Menkaure
  4411 | D:6      | Killed Menkaure
  4577 | D:6      | Reached * piety under Makhleb
  4948 | D:7      | Identified a scroll of acquirement
  4948 | D:7      | Acquired a +1 demon blade of electrocution
  5206 | D:7      | Reached XP level 10. HP: 65/96 MP: 9/9
  5415 | D:7      | Reached skill level 1 in Stealth
  5728 | D:8      | Reached ** piety under Makhleb
  5750 | D:8      | Noticed a two-headed ogre
  5760 | D:8      | Killed a two-headed ogre
  5810 | D:8      | Noticed a two-headed ogre
  5815 | D:8      | Killed a two-headed ogre
  5815 | D:8      | Reached skill level 10 in Long Blades
  5837 | D:8      | Noticed Harold
  5854 | D:8      | Killed Harold
  6177 | D:8      | Noticed Maurice
  6197 | D:8      | Killed Maurice
  6531 | D:8      | Noticed a two-headed ogre
  6541 | D:8      | Killed a two-headed ogre
  6541 | D:8      | Reached XP level 11. HP: 78/103 MP: 10/10
  6707 | D:9      | Identified the cursed +2 halberd of Gegg {freeze, rElec
                  | Str+2 Int+2}
  6809 | D:9      | Reached *** piety under Makhleb
  6854 | D:9      | Found a staircase to the Orcish Mines.
  6929 | D:9      | Noticed a two-headed ogre
  6946 | D:9      | Killed a two-headed ogre
  7113 | D:9      | Reached **** piety under Makhleb
  7658 | D:9      | Found a sacrificial altar of Ru.
  7716 | D:9      | Found a shadowy altar of Dithmenos.
  7947 | D:10     | Entered Level 10 of the Dungeon
  7979 | D:10     | Noticed a two-headed ogre
  7991 | D:10     | Killed a two-headed ogre
  8056 | D:10     | Found Kaasig's Antique Armour Shop.
  8283 | D:10     | Reached ***** piety under Makhleb
  8361 | D:10     | Reached skill level 10 in Shields
  8966 | D:10     | You fall into a shaft and drop 1 floor!
  9020 | D:11     | Found a staircase to the Lair.
  9090 | D:11     | Found Toinn's General Store.
  9095 | D:11     | Reached XP level 12. HP: 95/114 MP: 10/10
 10073 | D:12     | Noticed a two-headed ogre
 10078 | D:12     | Killed a two-headed ogre
 10136 | D:12     | Found a roughly hewn altar of Beogh.
 10719 | D:12     | Noticed a two-headed ogre
 10723 | D:12     | Killed a two-headed ogre
 10723 | D:12     | Reached XP level 13. HP: 118/123 MP: 9/9
 11010 | D:13     | Reached ****** piety under Makhleb
 11030 | D:13     | Reached skill level 10 in Fighting
 11034 | D:13     | Noticed Frances
 11069 | D:13     | Killed Frances
 11158 | D:13     | Found a shattered altar of Ashenzari.
 11185 | D:13     | Reached skill level 10 in Armour
 12026 | D:14     | Noticed Nessos
 12066 | D:14     | Noticed Urug
 12071 | D:14     | Killed Nessos
 12138 | D:14     | Killed Urug
 12255 | D:14     | Found a gate to the Vaults.
 12282 | D:14     | Gained mutation: You resist negative energy. (rN+) [Deep
                  | Dwarf growth]
 12282 | D:14     | Reached XP level 14. HP: 133/133 MP: 9/9
 12946 | D:15     | Entered Level 15 of the Dungeon
 12982 | D:15     | Noticed Agnes
 13038 | D:15     | Killed Agnes
 13432 | D:15     | Found a staircase to the Depths.
 13432 | D:15     | Noticed a fire giant
 13458 | D:15     | Gained mutation: Armour fits poorly on your strangely
                  | shaped body. [a neqoxec]
 13463 | D:15     | Gained mutation: Your magical capacity is low. (-10% MP) [a
                  | neqoxec]
 13469 | D:15     | Killed a fire giant
 13469 | D:15     | Reached skill level 1 in Invocations
 13718 | D:15     | Noticed Josephine
 13729 | D:15     | Killed Josephine
 14099 | D:15     | HP: 2/135 [white ugly thing[a boggart] (28)]
 14828 | Depths:1 | Entered Level 1 of the Depths
 14843 | Depths:1 | Noticed a stone giant
 14843 | Depths:1 | Noticed a golden dragon
 14940 | Depths:1 | Reached XP level 15. HP: 130/144 MP: 4/4
 14943 | Depths:1 | Noticed a frost giant
 15001 | Depths:1 | Reached skill level 15 in Long Blades
 15045 | Depths:1 | Reached skill level 15 in Shields
 15085 | Depths:1 | HP: 2/144 [golden dragon (18)]
 15088 | Depths:1 | Killed from afar by an ice dragon

Illustrated notes

Levels and vault maps discovered:
D:1:      lightli_arrival_windingriver, layout_rooms, kennysheep_doodads
D:2:      layout_loops_ring
D:3:      layout_rooms, minitemple, gammafunk_ghost_split
D:4:      old_forge, layout_loops_cross, kennysheep_little_box, first_ration,
          minmay_manual_monstrance, uniq_blork_the_orc, uniq_pikel, uniq_ijyb
D:5:      layout_basic, marbit_many_paths, minmay_temple_entry_statues_pillars,
          gup_sewer_entry_bubbles, basic_altar
D:6:      layout_basic, uniq_menkaure
D:7:      layout_loops_cross, the_bakery, kennysheep_boxes
D:8:      layout_layer_cave, uniq_harold, uniq_maurice
D:9:      layout_loops_ring, grunt_dithmenos_shadows, nicolae_ru_path_of_blood,
          erik_orc_3, enter_bailey_2
D:10:     layout_basic, serial_shops, shop_statue, special_room
          [special_room_orc]
D:11:     layout_irregular_city, erik_lair_orcish_takeover, serial_shops, shop,
          chequers_arboretum, minmay_misc_feat_tower, minmay_beelzebubs_servants
D:12:     layout_basic, special_room [special_room_orc], ice2_lemuel
D:13:     layout_small_grid, special_room [special_room_bee], minmay_liquid_box,
          ashenzari_altar_1, uniq_frances
D:14:     layout_cave_pools, david_vaults_3, serial_glass, glass_columns_a,
          glass_columns_b, due_unseen_surprise, item_on_display_a
D:15:     grunt_enter_depths_giant_problem, layout_basic, uniq_agnes,
          uniq_josephine
Temple:   jpeg_temple_clearing
Depths:1: layout_basic, hell_entry, grunt_pan_entry_in_and_out,
          skrybe_limestone_x, nicolae_sextant, minmay_fountain_box,
          grunt_decor_mini_mirrors, minivault_12

Skill      XL: |  1  2  3  4  5  6  7  8  9 10 11 12 13 14 15 |
---------------+----------------------------------------------+-----
Long Blades    | 3 4 5 7 9 10 11 13 14 15 | 15.0
Fighting       | 3 7 8 9 10 11 12 | 12.1
Shields        | 4 5 7 8 9 10 11 13 14 15 | 15.0
Armour         | 4 5 7 8 9 10 11 12 | 12.1
Dodging        | 1 2 6 7 |  7.9
Stealth        | 1 2 3 |  3.2
Invocations    | 2 |  2.4

Action                   |  1- 3 |  4- 6 |  7- 9 | 10-12 | 13-15 || total
-------------------------+-------+-------+-------+-------+-------++-------
Melee: Long sword        |   123 |   248 |   332 |       |       ||   703
       Demon blade       |       |       |    25 |   897 |   913 ||  1835
       Scimitar          |       |       |       |       |   277 ||   277
Invok: Minor Destruction |       |       |       |     1 |       ||     1
       Lesser Servant of |       |       |       |       |     3 ||     3
       Greater Servant o |       |       |       |       |     1 ||     1
 Abil: Heal Wounds       |     1 |     4 |     6 |    12 |    38 ||    61
  Use: Scroll            |       |       |    12 |     4 |       ||    16
       Potion            |       |       |     1 |    12 |     7 ||    20
 Stab: Sleeping          |       |       |       |     5 |       ||     5
       Invisible         |       |       |       |       |     2 ||     2
  Eat: Chunk             |       |     5 |    11 |    16 |    11 ||    43
       Ration            |       |       |       |     1 |     2 ||     3
Armor: Scale mail        |    49 |    91 |    92 |    24 |       ||   256
       Leather armour    |       |       |       |    12 |       ||    12
       Plate armour      |       |       |       |   207 |   374 ||   581
Dodge: Dodged            |    61 |   143 |   260 |   444 |   641 ||  1549
       Repelled          |       |       |       |     3 |    32 ||    35
Block: Kite shield       |    79 |   136 |       |   658 |   922 ||  1795
       Buckler           |       |       |    88 |       |       ||    88
       Rpst.: Long sword |    21 |    42 |    71 |       |       ||   134
       Demon blade       |       |       |       |    97 |   114 ||   211
       Scimitar          |       |       |       |       |    11 ||    11
